 Dungeon Crawl Stone Soup version 0.31-a0-925-g0a390f2509 (webtiles) character file.

Game seed: 5412805513810749387

222356 DocEon the Sorcerer (level 18, -3/96 HPs)
             Began as a Deep Elf Conjurer on Oct 18, 2023.
             Was the Champion of Vehumet.
             Slain by a ghost moth (6 damage)
             ... while paralysed
             ... on level 1 of the Spider Nest.
             The game lasted 01:17:15 (41171 turns).

DocEon the Sorcerer (Deep Elf Conjurer)            Turns: 41171, Time: 01:17:15

Health: -3/96      AC: 12    Str: -1 (4)  XL:     18   Next: 90%
Magic:  1/47       EV:  2    Int: 28 (32) God:    Vehumet [******]
Gold:   2957       SH:  0    Dex: 12 (13) Spells: 9/63 levels left

rFire   + + +        o - staff of conjuration
rCold   + + +        G - +3 buckler {AC+3}
rNeg    + . .        Z - +2 robe {rC+ rF+}
rPois   +            C - +2 hat "Diepeufo" {rF+ rC+ rN+}
rElec   +            Y - scarf {rC+ rF+}
rCorr   .            z - +0 pair of gloves
SInv    .            k - +1 pair of boots {Stlth+}
Will    +....        K - amulet of magic regeneration
Stlth   +++          M - ring of poison resistance
HPRegen 0.00/turn    N - ring of Interdependent Arising {rElec EV+5}
MPRegen 0.70/turn

%: no passive effects
@: paralysed, inhibited regen, slowed, lost strength
A: no striking features
a: Renounce Religion


You were on level 1 of the Spider Nest.
You worshipped Vehumet.
Vehumet was exalted by your worship.
You visited 5 branches of the dungeon, and saw 26 of its levels.
You also visited: Gauntlet and Ice Cave.

You collected 3405 gold pieces.
You spent 448 gold pieces at shops.

Inventory:

Hand Weapons
 n - a +8 quick blade of protection
 t - the +8 whip "Snakebite" {venom, curare, rPois}
   (You took it off an orc priest on level 15 of the Dungeon)

   rPois:     It protects you from poison
Armour
 d - a +1 pair of boots of rampaging
 k - a +1 pair of boots of stealth (worn)
 x - +0 swamp dragon scales
 z - a +0 pair of gloves (worn)
 C - the +2 hat "Diepeufo" (worn) {rF+ rC+ rN+}
   (You found it in a Gauntlet)

   rF+:       It protects you from fire.
   rC+:       It protects you from cold.
   rN+:       It protects you from negative energy.
 G - a +3 buckler of protection (worn)
 S - a +0 kite shield of cold resistance
 V - a +2 robe of willpower
 Y - a scarf of resistance (worn)
 Z - a +2 robe of resistance (worn)
Magical Staves
 o - a staff of conjuration (weapon)
 T - a staff of fire
Jewellery
 h - a ring of protection from cold
 w - a +4 ring of protection
 A - a ring of see invisible
 B - the ring of Koet {Fly rC- Int+6 Dex+6}
   (You found it in a Gauntlet)

   [ring of dexterity]

   Int+6:     It affects your intelligence (+6).
   Dex+6:     It affects your dexterity (+6).
   rC-:       It makes you vulnerable to cold.
   Fly:       It grants you flight.
 D - a ring of wizardry
 K - an amulet of magic regeneration (around neck)
 M - a ring of poison resistance (left hand)
 N - the ring of Interdependent Arising (right hand) {rElec EV+5}
   (You took it off an orc on level 15 of the Dungeon)

   [ring of evasion]

   EV+5:      It affects your evasion (+5).
   rElec:     It insulates you from electricity.
 O - a ring of magical power
 U - a ring of ice
Wands
 a - a wand of mindburst (10)
 H - a wand of flame (32)
 P - a wand of roots (23)
 R - a wand of quicksilver (2)
 W - a wand of digging (12)
Scrolls
 i - 2 scrolls of teleportation
 p - 4 scrolls of amnesia
 q - a scroll of enchant weapon
 y - 3 scrolls of revelation
 E - 3 scrolls of fog
 F - 4 scrolls of fear
 I - 13 scrolls of identify
 J - 6 scrolls of poison
 L - 2 scrolls of blinking
 X - 2 scrolls of immolation
Potions
 b - 5 potions of magic
 c - 5 potions of heal wounds
 e - 7 potions of haste
 f - 4 potions of enlightenment
 g - 6 potions of mutation
 j - 13 potions of curing
 l - 7 potions of attraction
 m - 4 potions of lignification
 r - 4 potions of might
 s - 2 potions of berserk rage
 u - 2 potions of brilliance
 v - 2 potions of ambrosia
 Q - 2 potions of cancellation


   Skills:
 - Level 5.0 Fighting
 - Level 5.0 Dodging
 - Level 2.4 Stealth
 - Level 7.0 Shields
 * Level 23.4 Spellcasting
 - Level 19.3 Conjurations
 - Level 5.0 Hexes
 - Level 5.0 Translocations
 - Level 14.9 Ice Magic
 + Level 14.0 Air Magic


You had 9 spell levels left.
You knew the following spells:

 Your Spells              Type           Power      Damage    Failure   Level
a - Magic Dart            Conj           100%       1d8       0%          1
b - Searing Ray           Conj           100%       2d8       0%          2
c - Fulminant Prism       Conj/Hex       50%        3d22      1%          4
d - Iskenderun's Mystic   Conj/Tloc      100%       2d19      1%          4
e - Mephitic Cloud        Conj/Pois/Air  97%        N/A       1%          3
f - Freezing Cloud        Conj/Ice/Air   55%        6-21      1%          5
g - Hailstorm             Conj/Ice       100%       3d20      0%          3
h - Blink                 Tloc           100%       N/A       1%          2
i - Maxwell's Capacitive  Air            42%        ∞         16%         8
j - Ozocubu's Refrigerat  Ice            43%        4d17      1%          7
k - Orb of Destruction    Conj           59%        9d14      1%          7
l - Ozocubu's Armour      Ice            86%        N/A       1%          3
z - Iskenderun's Battles  Conj           100%       2d15      1%          5

Your spell library contained the following spells:

 Spells                   Type           Power      Damage    Failure   Level
 Chain Lightning          Conj/Air       56%        3d74      54%         9
 Fire Storm               Conj/Fire      46%        8d12      100%        9
 Shatter                  Erth           16%        3d15*     100%        9
 Freeze                   Ice            100%       1d10      0%          1
 Static Discharge         Conj/Air       100%       2-7/arc   0%          2
 Frozen Ramparts          Ice            100%       1d16      0%          3
 Apportation              Tloc           100%       N/A       1%          1
 Foxfire                  Conj/Fire      100%       2x1d9     1%          1
 Cigotuvi's Dreadful Rot  Necr/Pois/Air  100%       N/A       1%          2
 Jinxbite                 Hex            100%       N/A       1%          2
 Poisonous Vapours        Pois/Air       100%       N/A       1%          2
 Dazzling Flash           Conj/Hex       100%       N/A       1%          3
 Tukima's Dance           Hex            57%        N/A       1%          3
 Airstrike                Air            42%        2d(6-22)  1%          4
 Brom's Barrelling Bould  Conj/Erth      92%        2d10      1%          4
 Summon Ice Beast         Ice/Summ       65%        N/A       1%          4
 Summon Lightning Spire   Summ/Air       64%        N/A       1%          4
 Vhi's Electric Charge    Tloc/Air       100%       N/A       1%          4
 Arcjolt                  Conj/Air       56%        1d66      1%          5
 Fireball                 Conj/Fire      46%        3d18      1%          5
 Conjure Ball Lightning   Conj/Air       56%        3x3d20    1%          6
 Necrotise                Necr           100%       1d9       2%          1
 Summon Small Mammal      Summ           100%       N/A       2%          1
 Summon Guardian Golem    Hex/Summ       46%        N/A       2%          3
 Bombard                  Conj/Erth      46%        9d8       2%          6
 Starburst                Conj/Fire      46%        6d13      2%          6
 Cause Fear               Hex            28%        N/A       3%          4
 Dimensional Bullseye     Hex/Tloc       28%        N/A       3%          4
 Manifold Assault         Tloc           57%        N/A       3%          4
 Sublimation of Blood     Necr           32%        N/A       4%          2
 Wereblood                Tmut           32%        N/A       4%          2
 Plasma Beam              Fire/Air       32%        2x1d45    6%          6
 Call Canine Familiar     Summ           32%        N/A       8%          3
 Anguish                  Hex/Necr       23%        N/A       10%         4
 Leda's Liquefaction      Hex/Erth       23%        N/A       10%         4
 Spellforged Servitor     Conj/Summ      46%        N/A       11%         7
 Lee's Rapid Deconstruct  Erth           16%        3d10*     19%         5
 Simulacrum               Ice/Necr       32%        N/A       19%         6
 Dispel Undead            Necr           32%        3d14      26%         4
 Summon Forest            Summ/Tloc      23%        N/A       26%         5
 Summon Mana Viper        Hex/Summ       46%        N/A       26%         5
 Alistair's Intoxication  Tmut/Pois      21%        N/A       58%         5
 Eringya's Noxious Bog    Tmut/Pois      16%        4d6       67%         6
 Enfeeble                 Hex            28%        N/A       96%         7
 Death Channel            Necr           16%        N/A       99%         6
 Summon Cactus Giant      Summ           16%        N/A       99%         6
 Summon Hydra             Summ           16%        N/A       100%        7
 Borgnjor's Revivificati  Necr           16%        N/A       100%        8


Dungeon Overview and Level Annotations

Branches:
Dungeon (15/15)            Temple (0/1) D:7            Lair (5/5) D:9
  Swamp (0/4) Lair:3       Spider (1/4) Lair:3        Slime (0/5) Lair:4
    Orc (2/2) D:11            Elf (3/3) Orc:2        Vaults (0/5) D:14
 Depths (0/4) D:15          IceCv (visited)         Gauntlet (visited)

Altars:
Ashenzari
Cheibriados
Dithmenos
Elyvilon
Fedhas
Kikubaaqudgha
Qazlal
Sif Muna
Trog
Vehumet
Xom
Zin
Jiyva

Shops:
D:3 *   D:6 *   Orc:1 [   Orc:2 (::(   Elf:2 [(   Elf:3 (

Portals:
Trove: Elf:3 (give +4 ice dragon scales)

Annotations:
Lair:4 2 transporters


Message History

The bolt of dispelling energy hits something!
You block something's attack. Something barely misses you.
Something stings you!
Aiming: Quicksilver Bolt
Press: ? - help, Shift-Dir - straight line, f - you Something hits you.
You feel weakened. Something hits you!
* * * LOW HITPOINT WARNING * * *
Something stings you!
* * * LOW HITPOINT WARNING * * *
You feel much better. Something hits you!
* * * LOW HITPOINT WARNING * * *
Something completely misses you. Something stings you!
* * * LOW HITPOINT WARNING * * *
You feel you are being watched by something.
You feel your power leaking away. Something barely misses you.
Something closely misses you. Something stings you!
* * * LOW HITPOINT WARNING * * *
You feel much better.
You feel you are being watched by something.
Something hits you but does no damage. x2; Something stings you.
* * * LOW HITPOINT WARNING * * *
You feel weakened.
You have lost your strength.
You feel you are being watched by something.
You feel your power leaking away. Something hits you but does no damage.
Something hits you!
* * * LOW HITPOINT WARNING * * *
Something stings you.
* * * LOW HITPOINT WARNING * * *
You feel weakened. Something hits you!
* * * LOW HITPOINT WARNING * * *
You feel dopey. Something hits you.
* * * LOW HITPOINT WARNING * * *
You feel dopey. Something stings you.
You die...

..#... .....## #...####^# ....##
......# #...###..# ......
.......## ##.#..##..## ....##
#.......# ###.####.##..## .....#
#......# ##.........##... .....#
#.....###............#.. .....#
##....#............###.. .....#
##....#{............###..
...†.###.....#..@...........##...
.....#...#..##...............#...
.......###..##...................
...##.###...##................#..
..###..#....###..............###^
....#...........)...........## ##
######..#....##............## #.
# ##.##.####............# #. #
##.#.# ##...........# #.#


There were no monsters in sight!

Vanquished Creatures
  Jorgrun (D:15)
  4 deep elf blademasters (Elf:3)
  6 deep elf master archers (Elf:3)
  Roxanne (D:14)
  5 deep elf sorcerers (Elf:3)
  4 deep elf elementalists (Elf:3)
  Louise (Elf:1)
  3 deep elf demonologists (Elf:3)
  A dire elephant (Lair:5)
  The ghost of Doxel the Ripper, a journeyman FeSh of Wu Jian (D:15)
  6 deep elf annihilators (Elf:3)
  A minotaur (Gauntlet)
  2 blizzard demons (IceCv)
  2 deep elf death magi
  The ghost of olddryhag the Cleaver, a journeyman GnRe of Gozag (D:11)
  An ettin (D:14)
  A deep elf high priest (Elf:3)
  Fannar (D:11)
  A hell beast (Gauntlet)
  An ice dragon (D:14)
  5 hydras
  A jorogumo (Spider:1)
  Erica (D:10)
  4 centaur warriors
  6 boulder beetles
  5 two-headed ogres
  26 dancing weapons
  A tengu warrior (D:15)
  An orc high priest (Orc:2)
  5 death yaks (Lair:5)
  A deep troll earth mage (D:15)
  24 deep elf knights
  Sonja (Orc:2)
  A shadow wraith (D:14)
  A fire crab (Lair:5)
  A skeletal warrior (D:9)
  A skyshark (Lair:5)
  A deep troll (D:14)
  7 spriggan simulacra (IceCv)
  An occultist (D:15)
  12 deep elf archers
  An obsidian statue (IceCv)
  3 bog bodies
  A lindwurm (Lair:2)
  2 necromancers (Elf:3)
  36 deep elf pyromancers
  32 deep elf zephyrmancers
  12 orc sorcerers
  11 ugly things (D:15)
  3 wolf spiders (Spider:1)
  6 orc knights
  5 cyclopes
  A manticore (D:15)
  15 elephants
  5 large abominations (Elf:3)
  3 black mambas
  4 torpor snails
  A gargoyle (D:12)
  22 cane toads
  An unseen horror (D:12)
  5 freezing wraiths
  3 rime drakes
  9 komodo dragons
  A yaktaur (D:15)
  A tengu conjurer (D:15)
  3 efreet
  A golden dragon simulacrum (IceCv)
  4 trolls
  6 ice devils (IceCv)
  5 anaconda simulacra
  4 alligator simulacra (IceCv)
  A tyrant leech (Lair:5)
  A meliai (shapeshifter) (Elf:2)
  2 meliai (D:14)
  4 polar bears
  6 tarantellas
  A merfolk (shapeshifter) (Elf:1)
  A raiju (shapeshifter) (D:14)
  26 blink frogs
  7 dream sheep (Lair:5)
  Prince Ribbit (D:7)
  3 culicivoras (Spider:1)
  5 jumping spiders
  Sigmund (D:5)
  6 slime creatures (D:12)
  An air elemental (Elf:3)
  3 flying skulls (Gauntlet)
  2 vampires (D:11)
  2 water elementals
  5 wyverns
  4 spriggans
  A wraith (D:9)
  2 dire elephant simulacra
  A yak (shapeshifter) (Elf:2)
  38 yaks
  4 basilisks
  A fire elemental (Elf:1)
  A hog (shapeshifter) (Elf:1)
  A golden eye (shapeshifter) (D:13)
  Menkaure (D:7)
  10 redbacks (Spider:1)
  15 vampire mosquitoes
  Grum (D:9)
  15 minotaur simulacra
  2 steam dragons
  5 wargs
  6 harpy simulacra
  3 acid dragons (D:10)
  2 hydra simulacra (IceCv)
  Duvessa (D:5)
  10 water moccasins
  2 hell hounds (Gauntlet)
  2 sky beasts (D:7)
  8 ice beasts
  25 orc warriors
  3 black bears
  53 wolves
  An ogre (Orc:1)
  7 centaurs
  2 kobold brigands
  3 phantoms
  4 elf zombies (Elf:3)
  16 bullfrogs
  2 earth elementals (Elf:2)
  3 gnoll sergeants
  5 deep troll simulacra (IceCv)
  2 scorpions
  5 wights
  Dowan (D:5)
  3 troll zombies (D:11)
  2 lindwurm simulacra
  11 killer bees
  4 howler monkeys
  9 electric eels
  6 hounds
  10 orc priests
  4 jellies
  2 gnoll boudas
  Jessica (D:2)
  A sleepcap (D:5)
  Natasha (thrice) (D:2)
  38 orc wizards
  6 hell rats (Lair:3)
  5 ogre zombies (D:11)
  Robin (D:2)
  28 gnolls
  8 adders
  A shadow imp (D:6)
  A white imp (D:6)
  5 worms
  3 dart slugs
  94 orcs
  4 ball pythons
  7 endoplasms
  2 giant cockroaches (D:4)
  5 gnoll zombies (D:11)
  12 goblins
  5 hobgoblins
  17 jackals
  3 quokkas
  6 bats
  4 frilled lizards
  3 gnoll skeletons (D:11)
  21 kobolds
  2 orc skeletons (D:11)
  13 orc zombies (D:11)
  10 rats
1062 creatures vanquished.

Vanquished Creatures (others)
  2 orc zombies (D:11)
  21 fulminant prisms
23 creatures vanquished.

Grand Total: 1085 creatures vanquished

Notes
Turn   | Place    | Note
-------+----------+-------------------------------------------
     0 | D:1      | DocEon the Deep Elf Conjurer began the quest for the Orb.
     0 | D:1      | Reached XP level 1. HP: 10/10 MP: 6/6
   211 | D:1      | Reached XP level 2. HP: 15/15 MP: 5/8
   379 | D:1      | Reached skill level 4 in Spellcasting
   816 | D:2      | Learned a level 2 spell: Searing Ray
   906 | D:2      | Reached XP level 3. HP: 16/19 MP: 3/10
  1383 | D:2      | Reached skill level 5 in Spellcasting
  1383 | D:2      | Reached skill level 5 in Conjurations
  1387 | D:2      | Noticed Jessica
  1391 | D:2      | Killed Jessica
  1392 | D:2      | Reached XP level 4. HP: 24/24 MP: 8/13
  1640 | D:2      | Noticed Robin
  1644 | D:2      | Killed Robin
  1762 | D:2      | Learned a level 4 spell: Fulminant Prism
  1767 | D:2      | Learned a level 4 spell: Iskenderun's Mystic Blast
  1771 | D:2      | Learned a level 3 spell: Mephitic Cloud
  1999 | D:2      | Noticed Natasha
  2002 | D:2      | Killed Natasha
  2003 | D:2      | Reached XP level 5. HP: 28/28 MP: 11/15
  2159 | D:2      | Reached skill level 6 in Spellcasting
  2194 | D:2      | Noticed Natasha
  2196 | D:2      | Killed Natasha
  2197 | D:2      | Reached skill level 1 in Hexes
  2325 | D:3      | Reached skill level 1 in Translocations
  2470 | D:3      | Found Jaguat's Assorted Antiques.
  2516 | D:3      | Found a faded altar of an unknown god.
  2563 | D:3      | Found an ancient bone altar of Kikubaaqudgha.
  2659 | D:3      | Found a shimmering blue altar of Sif Muna.
  2660 | D:3      | Found a broken altar of Ashenzari.
  3164 | D:4      | Reached XP level 6. HP: 27/32 MP: 5/17
  3517 | D:4      | Reached skill level 7 in Spellcasting
  4127 | D:4      | Found a radiant altar of Vehumet.
  4140 | D:4      | Became a worshipper of Vehumet
  4360 | D:4      | Learned a level 5 spell: Freezing Cloud
  4361 | D:5      | Entered Level 5 of the Dungeon
  4570 | D:5      | Noticed Duvessa
  4590 | D:5      | Noticed Dowan
  4593 | D:5      | Killed Duvessa
  4594 | D:5      | Reached skill level 1 in Air Magic
  4594 | D:5      | Reached XP level 7. HP: 36/36 MP: 8/19
  4606 | D:5      | Killed Dowan
  4825 | D:5      | Noticed Sigmund
  4887 | D:5      | Killed Sigmund
  4975 | D:5      | Reached skill level 8 in Spellcasting
  5053 | D:5      | Noticed a moth of wrath
  5094 | D:5      | Found a stormy altar of Qazlal.
  5096 | D:5      | Found a snail-covered altar of Cheibriados.
  5344 | D:5      | Reached XP level 8. HP: 41/41 MP: 9/22
  5859 | D:5      | Found a bloodstained altar of Trog.
  5906 | D:5      | Identified the +5 spear "Uboi" {spect, rC+ rN++ rCorr
                  | Int-3}
  6217 | D:6      | Reached * piety under Vehumet
  6217 | D:6      | Offered knowledge of Kiss of Death by Vehumet.
  6309 | D:6      | Identified the +6 mace "Cixotob" {freeze, rN+}
  6469 | D:6      | Found Voisisik's General Store.
  6853 | D:6      | Found a shadowy altar of Dithmenos.
  6896 | D:6      | Found a white marble altar of Elyvilon.
  6925 | D:6      | Offered knowledge of Sandblast by Vehumet.
  7136 | D:7      | Noticed Prince Ribbit
  7145 | D:7      | Killed Prince Ribbit
  7146 | D:7      | Reached skill level 9 in Spellcasting
  7271 | D:7      | Reached ** piety under Vehumet
  7284 | D:7      | Reached skill level 5 in Hexes
  7484 | D:7      | Reached XP level 9. HP: 45/45 MP: 19/24
  7625 | D:7      | Found a glowing silver altar of Zin.
  7660 | D:7      | Noticed Menkaure
  7668 | D:7      | Killed Menkaure
  7879 | D:7      | Found a staircase to the Ecumenical Temple.
  7943 | D:7      | Reached skill level 10 in Spellcasting
  7943 | D:7      | Reached skill level 1 in Ice Magic
  8481 | D:8      | Identified the +1 ring mail "Vufoakoo" {Harm +Blink rPois
                  | Str+2}
  8890 | D:8      | Found a blossoming altar of Fedhas.
  9100 | D:8      | Reached skill level 5 in Translocations
  9669 | D:8      | Reached skill level 11 in Spellcasting
  9998 | D:9      | Noticed a troll
 10000 | D:9      | Killed a troll
 10000 | D:9      | Offered knowledge of Inner Flame by Vehumet.
 10001 | D:9      | Reached skill level 5 in Air Magic
 10044 | D:9      | Noticed a skeletal warrior
 10063 | D:9      | Killed a skeletal warrior
 10064 | D:9      | Reached skill level 1 in Shields
 10064 | D:9      | Reached XP level 10. HP: 48/50 MP: 3/27
 10340 | D:9      | Reached skill level 10 in Conjurations
 10624 | D:9      | Reached skill level 12 in Spellcasting
 10734 | D:9      | Noticed a two-headed ogre
 10752 | D:9      | Killed a two-headed ogre
 11098 | D:9      | Found a staircase to the Lair.
 11259 | D:2      | Noticed Natasha
 11263 | D:2      | Killed Natasha
 11915 | D:9      | Noticed Grum
 11922 | D:9      | Reached *** piety under Vehumet
 11943 | D:9      | Killed Grum
 11997 | D:9      | Reached skill level 13 in Spellcasting
 12230 | D:9      | Offered knowledge of Airstrike by Vehumet.
 12665 | D:10     | Entered Level 10 of the Dungeon
 12742 | D:10     | Reached skill level 5 in Ice Magic
 12879 | D:10     | Noticed a two-headed ogre
 12971 | D:10     | Killed a two-headed ogre
 12972 | D:10     | Reached XP level 11. HP: 54/54 MP: 16/30
 13196 | D:10     | Identified the +0 robe "Goetwy Pior" {rN++ Str-2}
 13274 | D:10     | Noticed Erica
 13277 | D:10     | Killed Erica
 13451 | D:10     | Found a shimmering altar of Xom.
 13716 | D:10     | Reached skill level 14 in Spellcasting
 14040 | D:11     | Noticed a centaur warrior
 14043 | D:11     | Noticed Fannar
 14250 | Lair:1   | Entered Level 1 of the Lair of Beasts
 14491 | Lair:1   | Reached **** piety under Vehumet
 15066 | Lair:1   | Offered knowledge of Hailstorm by Vehumet.
 15080 | Lair:1   | Reached skill level 15 in Spellcasting
 15103 | Lair:1   | Learned a level 3 spell: Hailstorm
 15676 | Lair:2   | Identified the +6 broad axe "Raqemun" {freeze, rC+}
 15682 | Lair:2   | Reached XP level 12. HP: 59/59 MP: 19/33
 15845 | Lair:2   | Found a gate leading to a gauntlet.
 15860 | Gauntlet | Entered a Gauntlet
 15860 | Gauntlet | Found a transporter.
 15860 | Gauntlet | Found a transporter.
 15860 | Gauntlet | Found a transporter.
 15955 | Gauntlet | Found a transporter.
 15955 | Gauntlet | Found a transporter.
 15955 | Gauntlet | Found a transporter.
 15957 | Gauntlet | Found a large runed translucent door.
 15958 | Gauntlet | Found a large runed translucent door.
 15959 | Gauntlet | Found a large runed translucent door.
 15959 | Gauntlet | Found a large runed translucent door.
 15959 | Gauntlet | Found a runed translucent door.
 15960 | Gauntlet | Found a large runed translucent door.
 15961 | Gauntlet | Found a large runed translucent door.
 15962 | Gauntlet | Found a large runed translucent door.
 15962 | Gauntlet | Found a large runed translucent door.
 15963 | Gauntlet | Found a runed translucent gate.
 15967 | Gauntlet | Found a transporter.
 15969 | Gauntlet | Found a transporter.
 15979 | Gauntlet | Found a transporter.
 15980 | Gauntlet | Noticed a hell beast
 15991 | Gauntlet | Noticed a catoblepas
 16072 | Gauntlet | Found a large runed translucent door.
 16073 | Gauntlet | Found a large runed translucent door.
 16074 | Gauntlet | Found a large runed translucent door.
 16074 | Gauntlet | Found a large runed translucent door.
 16074 | Gauntlet | Found a runed translucent door.
 16075 | Gauntlet | Found a large runed translucent door.
 16076 | Gauntlet | Found a large runed translucent door.
 16077 | Gauntlet | Found a large runed translucent door.
 16077 | Gauntlet | Found a large runed translucent door.
 16078 | Gauntlet | Found a runed translucent gate.
 16078 | Gauntlet | Found a runed translucent gate.
 16080 | Gauntlet | Found a transporter.
 16084 | Gauntlet | Found a transporter.
 16096 | Gauntlet | Found a transporter.
 16158 | Gauntlet | Noticed a minotaur
 16210 | Gauntlet | Reached skill level 5 in Shields
 16337 | Gauntlet | Identified the ring of Koet {Fly rC- Int+6 Dex+6}
 16352 | Gauntlet | Killed a hell beast
 16352 | Gauntlet | Reached ***** piety under Vehumet
 16468 | Gauntlet | Identified the +2 hat "Diepeufo" {rF+ rC+ rN+}
 16496 | Gauntlet | Learned a level 2 spell: Blink
 16522 | Gauntlet | Killed a minotaur
 16523 | Gauntlet | Reached skill level 1 in Fighting
 16523 | Gauntlet | Reached skill level 16 in Spellcasting
 16702 | Lair:2   | Offered knowledge of Brom's Barrelling Boulder by Vehumet.
 16729 | Lair:2   | Noticed a boulder beetle
 17017 | Lair:2   | Killed a boulder beetle
 18049 | Lair:2   | Noticed a boulder beetle
 18060 | Lair:2   | Killed a boulder beetle
 18473 | Lair:3   | Reached skill level 5 in Dodging
 18474 | Lair:3   | Reached XP level 13. HP: 68/68 MP: 7/35
 18723 | Lair:3   | Reached skill level 17 in Spellcasting
 19119 | Lair:3   | Found a hole to the Spider Nest.
 19788 | Lair:3   | Found a staircase to the Swamp.
 20007 | Lair:4   | Reached skill level 15 in Conjurations
 20568 | Lair:4   | Offered knowledge of Flame Wave by Vehumet.
 20688 | Lair:4   | Found a transporter.
 20689 | Lair:4   | Found a transporter.
 20987 | Lair:4   | Found a viscous altar of Jiyva.
 20988 | Lair:4   | Found a staircase to the Slime Pits.
 21099 | Lair:5   | Entered Level 5 of the Lair of Beasts
 21268 | Lair:5   | Reached skill level 18 in Spellcasting
 22315 | Lair:5   | Reached XP level 14. HP: 76/76 MP: 32/38
 22733 | Lair:5   | Reached skill level 5 in Fighting
 22736 | Lair:5   | Reached skill level 19 in Spellcasting
 23145 | Lair:5   | Offered knowledge of Irradiate by Vehumet.
 23213 | Lair:5   | Learned a level 8 spell: Maxwell's Capacitive Coupling
 24195 | D:11     | Found a runed translucent door.
 24195 | D:11     | Found a shimmering altar of Xom.
 24195 | D:11     | Noticed olddryhag's ghost (journeyman GnRe)
 24910 | D:11     | Killed Fannar
 25399 | D:11     | Found a staircase to the Orcish Mines.
 25706 | D:11     | Killed olddryhag's ghost
 25874 | Orc:1    | Entered Level 1 of the Orcish Mines
 25874 | Orc:1    | Found Cuefa's Armour Shoppe.
 26260 | Orc:1    | Bought a scarf of resistance for 448 gold pieces
 26466 | Orc:1    | Reached skill level 20 in Spellcasting
 26812 | Orc:2    | Entered Level 2 of the Orcish Mines
 26816 | Orc:2    | Noticed Sonja
 26819 | Orc:2    | Killed Sonja
 27388 | Orc:2    | Offered knowledge of Ozocubu's Refrigeration by Vehumet.
 27428 | Orc:2    | Learned a level 7 spell: Ozocubu's Refrigeration
 27504 | Orc:2    | Found Wuot's Antique Weapon Boutique.
 27504 | Orc:2    | Found Onof's Book Shoppe.
 28429 | Orc:2    | Found Pualozxikhla's Book Boutique.
 28429 | Orc:2    | Found Waygech's Antique Weapon Shoppe.
 28520 | Orc:2    | Found a staircase to the Elven Halls.
 28939 | D:12     | Reached XP level 15. HP: 75/82 MP: 34/41
 29634 | D:12     | Learned a level 7 spell: Orb of Destruction
 29640 | D:12     | Learned a level 5 spell: Iskenderun's Battlesphere
 30664 | D:14     | Found a frozen archway.
 30812 | IceCv    | Entered an ice cave
 31403 | IceCv    | Offered knowledge of Spellforged Servitor by Vehumet.
 32230 | IceCv    | Learned a level 3 spell: Ozocubu's Armour
 32970 | D:14     | Noticed Roxanne
 32982 | D:14     | Killed Roxanne
 33189 | D:14     | Found a gate to the Vaults.
 33384 | D:15     | Entered Level 15 of the Dungeon
 33559 | D:15     | Noticed Jorgrun
 33853 | D:15     | Killed Jorgrun
 33864 | D:15     | Reached skill level 21 in Spellcasting
 34000 | D:15     | Reached skill level 10 in Air Magic
 34186 | D:15     | Found a runed translucent gate.
 34186 | D:15     | Noticed Doxel's ghost (journeyman FeSh)
 34187 | D:15     | Found a runed translucent gate.
 34188 | D:15     | Found a runed translucent gate.
 34539 | D:15     | Found a staircase to the Depths.
 34594 | D:15     | Identified the ring of Interdependent Arising {rElec EV+5}
 34718 | D:15     | Reached XP level 16. HP: 87/87 MP: 27/43
 34861 | D:15     | Killed Doxel's ghost
 34870 | D:15     | Reached ****** piety under Vehumet
 35208 | WizLab   | Identified the "Buoh"
 35208 | Depths:2 | Identified the of Quneff
 35208 | Depths:2 | Identified the "Cullin"
 35208 | Depths:3 | Identified the "Enuetitaph"
 35208 | Elf:1    | Entered Level 1 of the Elven Halls
 35210 | Elf:1    | Noticed Louise
 35220 | Elf:1    | Killed Louise
 35274 | Elf:1    | Offered knowledge of Eringya's Noxious Bog by Vehumet.
 35394 | Elf:1    | Reached XP level 17. HP: 92/92 MP: 44/44
 35961 | Elf:1    | Identified the +3 orcbow of Desperation {heavy, rPois
                  | Will++ Dex-2}
 36687 | Elf:2    | Identified the +5 long sword of Hacking and Slashing
                  | {chaos, SInv}
 36734 | Elf:2    | Found a shimmering blue altar of Sif Muna.
 37159 | Elf:2    | Found Qoabrix's Weapon Boutique.
 37163 | Elf:2    | Offered knowledge of Lehudib's Crystal Spear by Vehumet.
 37369 | Elf:1    | Found a shimmering altar of Xom.
 37419 | Elf:2    | Found Peehac's Armour Shop.
 37514 | Elf:2    | Reached skill level 22 in Spellcasting
 37652 | Elf:2    | Found a runed translucent gate.
 37652 | Elf:2    | Found a runed translucent gate.
 37659 | Elf:2    | Found a runed translucent gate.
 37708 | Elf:3    | Identified the "Weki"
 37708 | Elf:3    | Entered Level 3 of the Elven Halls
 37734 | Elf:3    | Reached XP level 18. HP: 90/96 MP: 37/46
 37905 | Elf:3    | Found a portal to a secret trove of treasure.
 38104 | Elf:3    | Found Cegh's Weapon Boutique.
 38353 | Elf:3    | Paralysed by an air elemental for 1 turns
 38969 | Elf:3    | Identified the +6 falchion "Capokoda" {flame, rC+ SInv}
 38975 | Elf:3    | Identified the +6 flail of Doom {spect, Int+5}
 39086 | Elf:3    | Identified the +6 whip of Ziohin {flame, rCorr}
 39201 | Elf:3    | Identified the +4 broad axe of Edolostriari {freeze,
                  | Fragile rN+ Str+3}
 39595 | Elf:2    | Reached skill level 23 in Spellcasting
 40258 | Spider:1 | Entered Level 1 of the Spider Nest
 40377 | Spider:1 | Offered knowledge of Fire Storm by Vehumet.
 40377 | Spider:1 | Offered knowledge of Shatter by Vehumet.
 40377 | Spider:1 | Offered knowledge of Chain Lightning by Vehumet.
 41169 | Spider:1 | Lost strength.
 41171 | Spider:1 | HP: 3/96 [something (2)]
 41171 | Spider:1 | Slain by a ghost moth

Illustrated notes

Levels and vault maps discovered:
D:1:      roderic_chinese_lattice_arrival, layout_rooms
D:2:      layout_loops_ring, uniq_robin, uniq_jessica, uniq_natasha
D:3:      kennysheep_big_flooded_room, layout_rooms, overflow_temple_1_default,
          nicolae_overflow_hidden_temple, serial_shops,
          nicolae_shop_overgrown_old_shop, shapermc_ecumenical_altar_flowoftime,
          grunt_decor_cap
D:4:      layout_loops_ring, nicolae_vehumet_altar_sigil
D:5:      layout_layer_cave, tgw_trog, jmf_multi_god_temple, uniq_duvessa,
          uniq_sigmund
D:6:      layout_cave_pools, kennysheep_mini, grunt_dithmenos_shadows,
          serial_shops, nicolae_shop_waterfront, minmay_unpleasant_kobolds
D:7:      layout_loops_cross, zin_statuary, minmay_temple_entry_hall,
          uniq_menkaure, uniq_prince_ribbit1
D:8:      layout_loops_corners, mainiacjoe_overflow_brackets
D:9:      wad_pebble_path, layout_layer_cave, hellmonk_lair_entry_icy,
          lightli_fourway_metalbox, uniq_grum
D:10:     layout_basic, overflow_temple_1_default, uniq_erica
D:11:     layout_big_octagon, zombieorc2_lemuel, ebering_ghost_xom, uniq_fannar
D:12:     layout_irregular_city
D:13:     layout_roguey
D:14:     layout_basic, david_vaults_4, portal_ice_cave_entry_ice_simulacra,
          eino_jars, uniq_roxanne
D:15:     hellmonk_depths_entry_around_the_bend, layout_gridville,
          biasface_ghost_orc_armoury, hangedman_decor_push, uniq_jorgrun
Lair:1:   layout_cave_shapes
Lair:2:   layout_cave_pods, gauntlet_entry_generic,
          chequers_serial_rivers_marsh, wad_woods_02
Lair:3:   layout_misc_corridors, nicolae_swamp_entry_splash_gauntlet,
          spider_nest_entry_rubble, serial_bayou_lagoon_b, serial_bayou_shore_a
Lair:4:   gammafunk_boulding_lane, layout_long_grid, dpeg_slime_entry_enclosed,
          ldierk_geyser, nzn_sisyphean_effort
Lair:5:   minmay_lair_end_frog_pond, layout_layer_cave,
          grunt_forest_large_clearing_hut
Spider:1: layout_chambers, spiders_nest_hornet_nest
Orc:1:    layout_diamond_mine, serial_shops, shop, mines2_david
Orc:2:    st_orc_town, layout_caves, uniq_sonja
Elf:1:    nicolae_elf_arrival_no_cutting_in_line, layout_onion_city,
          hangedman_elven_crosses_minicolossus, fountainhead,
          hangedman_elf_simple_split, lemuel_upstairs_altar, uniq_louise
Elf:2:    elven_hall_of_blades_hangedman_original
          [nicolae_blade_entry_area_security], layout_geoelf_octagon,
          basic_altar, minmay_shoptagon
Elf:3:    minmay_elf_hall, layout_gridlike, enter_trove_3, serial_shops, shop,
          minmay_elf_necromancy

Skill      XL: |  1  2  3  4  5  6  7  8  9 10 11 12 13 14 15 16 17 18 |
---------------+-------------------------------------------------------+-----
Spellcasting   | 4 5 6 7 8 9 11 13 15 16 18 20 21 22 23 | 23.4
Conjurations   | 5 6 8 9 11 13 14 15 17 18 19 | 19.3
Hexes          | 1 2 3 5 |  5.0
Translocations | 1 2 3 4 5 |  5.0
Air Magic      | 1 2 3 5 7 10 12 14 | 14.0
Ice Magic      | 3 5 9 11 13 14 | 14.9
Shields        | 1 3 4 5 7 |  7.0
Dodging        | 5 |  5.0
Fighting       | 3 4 5 |  5.0
Stealth        | |  2.4

Action                     |  1- 3 |  4- 6 |  7- 9 | 10-12 | 13-15 | 16-18 || total
---------------------------+-------+-------+-------+-------+-------+-------++-------
  Melee: Staff             |       |       |     1 |     9 |       |       ||    10
   Cast: Magic Dart        |    66 |   131 |   203 |   142 |   390 |     7 ||   939
         Searing Ray       |     2 |    10 |    29 |    13 |    12 |       ||    66
         Iskenderun's Myst |       |     2 |    31 |   110 |   204 |    36 ||   383
         Fulminant Prism   |       |     1 |     6 |     4 |    10 |       ||    21
         Mephitic Cloud    |       |       |     8 |    13 |     8 |     1 ||    30
         Freezing Cloud    |       |       |       |    80 |   261 |    20 ||   361
         Blink             |       |       |       |     1 |     3 |       ||     4
         Hailstorm         |       |       |       |     1 |     3 |       ||     4
         Orb of Destructio |       |       |       |       |    47 |    73 ||   120
         Iskenderun's Batt |       |       |       |       |    27 |     2 ||    29
         Ozocubu's Refrige |       |       |       |       |     2 |   163 ||   165
  Evoke: Wand              |       |       |       |     9 |     1 |     4 ||    14
    Use: Scroll            |     8 |     9 |     4 |     6 |    12 |    10 ||    49
         Potion            |       |       |     2 |     1 |     3 |     3 ||     9
 Armour: Robe              |     5 |     9 |    22 |    58 |   101 |    68 ||   263
         Skin              |       |       |       |       |     4 |       ||     4
  Dodge: Dodged            |     5 |     5 |    30 |    55 |    30 |    27 ||   152
  Block: Buckler           |       |       |     2 |    28 |    52 |    14 ||    96

Table legend: (Time is in decaauts)
 A = Elapsed time spent in this place.
 B = Non-inter-level travel time spent in this place.
 C = Inter-level travel time spent in this place.
 D = Time resting spent in this place.
 E = Time spent auto-exploring this place.
 F = Levels seen in this place.
 G = Mean time per level.
                   A        B        C        D        E       F      G
               +--------+--------+--------+--------+--------+-----+--------+
         Total |  41266 |  39464 |   1802 |  13468 |  20044 |  28 | 1473.8 |
       Dungeon |  21446 |  20340 |   1106 |   6907 |  10687 |  15 | 1429.7 |
          Lair |   9105 |   8830 |    275 |   3606 |   4067 |   5 | 1821.0 |
   Spider Nest |    915 |    915 |      0 |    115 |    699 |   1 |  915.0 |
  Orcish Mines |   2660 |   2424 |    236 |    644 |   1330 |   2 | 1330.0 |
   Elven Halls |   4862 |   4678 |    184 |   1268 |   2451 |   3 | 1620.7 |
      Ice Cave |   1435 |   1435 |      0 |    511 |    631 |   1 | 1435.0 |
      Gauntlet |    840 |    840 |      0 |    417 |    178 |   1 |  840.0 |
               +--------+--------+--------+--------+--------+-----+--------+

Top non-repeatable levels by time:
  Lair:5: 2731 daAuts
    D:10: 2376 daAuts
     D:9: 2363 daAuts
   Orc:2: 1939 daAuts
   Elf:1: 1885 daAuts
     D:8: 1837 daAuts
  Lair:2: 1791 daAuts
     D:5: 1737 daAuts
   Elf:3: 1700 daAuts
  Lair:1: 1662 daAuts
     D:2: 1615 daAuts
  Lair:3: 1555 daAuts
    D:15: 1490 daAuts
    D:14: 1458 daAuts
   IceCv: 1435 daAuts
